Map: [ESL] Tropical Sacrifice

Players

Harstem - Winner!

  • Race: Protoss Protoss
  • Spawn Location: 1:00

Botvinnik

  • Race: Terran Terran
  • Spawn Location: 7:00

Event: DreamHack SC2 Masters 2022 Valencia

VOD

Have the link to the VOD?

Description

Time

  • Played on: July 1, 2022, 1:39 p.m.
  • Length: 5:24

All games in this series

Show
View Real Time Build Order
Export as new Build Order

Harstem Protoss - Winner!

Build Orders: 1 Gate Expand 

Get SALT Encoding   

  12  0:00  Probe  
  13  0:12  Probe  
  14  0:20  Pylon  
  14  0:24  Probe  
  15  0:38  Probe (Chrono Boost)  
  15  0:39  Gateway  
  16  0:47  Probe (Chrono Boost)  
  16  0:48  Assimilator  
  17  0:52  Probe  
  18  1:04  Probe  
  19  1:16  Probe  
  20  1:30  Nexus  
  20  1:39  Cybernetics Core  
  20  1:43  Probe  
  21  1:49  Assimilator  
  21  1:55  Probe  
  21  1:59  Pylon  
  22  2:07  Probe  
  23  2:15  Adept (Chrono Boost)  
  23  2:16  Warp Gate  
  23  2:19  Probe  
  26  2:26  Robotics Facility  
  26  2:31  Probe  
  26  2:35  Stalker (Chrono Boost)  
  27  2:43  Probe  
  30  2:44  Probe  
  31  2:55  Probe  
  31  2:57  Stalker  
  33  3:01  Probe  
  34  3:07  Probe  
  35  3:13  Probe, Gateway  
  35  3:19  Probe  
  36  3:20  Observer (Chrono Boost)  
  36  3:24  Shield Battery  
  36  3:26  Stalker (Chrono Boost)  
  37  3:27  Probe  
  37  3:31  Gateway  
  37  3:33  Probe  
  40  3:37  Pylon  
  40  3:39  Probe  
  40  3:40  Observer  
  42  3:45  Pylon, Probe  
  43  3:51  Probe  
  43  3:53  Pylon  
  44  3:57  Probe  
  45  4:04  Probe  
  45  4:05  Stalker  
  45  4:09  Probe  
  45  4:18  Stalker  
  45  4:22  Immortal (Chrono Boost)  
  48  4:30  Shield Battery  
  50  4:34  Stalker  
  52  4:39  Shield Battery  
  52  4:42  Stalker  
  54  4:55  Stalker  
  54  4:56  Shield Battery  
  54  4:57  Pylon  
  56  5:03  Zealot  
  58  5:12  Stalker  
  58  5:18  Zealot  
Show
View Real Time Build Order
Export as new Build Order

Botvinnik Terran 

Build Orders: 1/1/1, Widow Mine Drop 

Get SALT Encoding   

  12  0:00  SCV  
  13  0:12  SCV  
  14  0:17  Supply Depot  
  14  0:24  SCV  
  15  0:39  SCV  
  15  0:40  Barracks  
  16  0:43  Refinery  
  16  0:51  SCV  
  16  0:54  Refinery  
  17  1:03  SCV  
  18  1:15  SCV  
  19  1:27  Marine  
  19  1:28  Orbital Command  
  20  1:33  Factory  
  20  1:47  Supply Depot  
  20  1:51  Barracks Reactor  
  21  1:54  SCV  
  21  2:07  SCV  
  22  2:19  SCV, Widow Mine  
  22  2:20  Starport  
  25  2:26  Supply Depot  
  25  2:27  Marine x2  
  27  2:31  SCV  
  28  2:40  Widow Mine  
  30  2:45  Marine  
  30  2:47  Marine  
  32  2:56  Medivac  
  34  2:59  Armory  
  34  3:02  Widow Mine  
  36  3:05  Marine  
  36  3:06  Marine  
  38  3:23  Factory Tech Lab, Supply Depot  
  38  3:24  Marine  
  39  3:27  Supply Depot  
  39  3:44  Marine x2  
  39  3:46  Thor  
  47  3:51  Medivac  
  49  4:02  Marine x2  
  51  4:03  Supply Depot  
  47  4:18  SCV  
  48  4:27  Marine x2  
  48  4:29  Siege Tank  
  49  4:40  Liberator  
  49  4:53  Marine x2  

Tags
 
Add a new tag
Caveats
  • Supply blocks, unpowered buildings, or Contaminate may cause inaccurate times.
  • Supply counts are checked every 10 seconds.